 Seeded DCSS version 0.30.1-11-g7821555f0a (webtiles) character file.

Game seed: 6351066067085065685 (custom seed)

3122 Esekla the Thaumaturge (level 9, -9/45 HPs)
             Began as a Deep Elf Wanderer on Nov 18, 2023.
             Was a Priest of Vehumet.
             Killed from afar by a steam dragon (22 damage)
             ... with a ball of steam
             ... on level 7 of the Dungeon on Nov 20, 2023.
             The game lasted 00:56:58 (6175 turns).

Esekla the Thaumaturge (Deep Elf Wanderer)          Turns: 6175, Time: 00:56:58

Health: -9/45      AC:  5    Str: 11    XL:     9   Next: 60%
Magic:  17/25      EV: 13    Int: 23    God:    Vehumet [***...]
Gold:   398        SH:  4    Dex: 14    Spells: 11/29 levels left

rFire   . . .        s - +5 rapier of the Hero {heavy, rN+ Dex+3}
rCold   . . .        d - +0 buckler
rNeg    + . .        J - +0 robe
rPois   .            k - +0 helmet
rElec   .            G - +0 cloak
rCorr   .            j - +0 pair of gloves
SInv    .            (no boots)
Will    .....        z - amulet of magic regeneration
Stlth   ++           (no ring)
HPRegen 0.27/turn    (no ring)
MPRegen 0.59/turn

%: no passive effects
@: very slightly contaminated
A: no striking features
a: Renounce Religion


You were on level 7 of the Dungeon.
You worshipped Vehumet.
Vehumet was most pleased with you.
You visited 1 branch of the dungeon, and saw 8 of its levels.

You collected 398 gold pieces.

Inventory:

Hand Weapons
 a - a +2 vampiric dagger
 c - a +4 scimitar
 r - a +4 trident of venom
 s - the +5 rapier of the Hero (weapon) {heavy, rN+ Dex+3}
   (You found it on level 3 of the Dungeon)

   Dex:       It affects your dexterity (+3).
   rN:        It protects you from negative energy.
Missiles
 v - 29 poisoned darts (quivered)
 K - 5 curare-tipped darts
Armour
 d - a +0 buckler (worn)
 j - a +0 pair of gloves (worn)
 k - a +0 helmet (worn)
 G - a +0 cloak (worn)
 J - a +0 robe (worn)
Jewellery
 z - an amulet of magic regeneration (around neck)
Wands
 q - a wand of roots (18)
 C - a wand of flame (14)
 I - a wand of mindburst (8)
Scrolls
 g - 8 scrolls of identify {unknown}
 m - 2 scrolls of amnesia {unknown}
 n - a scroll of enchant armour {unknown}
 o - 2 scrolls of fog {unknown}
 t - 5 scrolls of blinking {unknown}
 u - a scroll of immolation {unknown}
 x - a scroll of silence {unknown}
 y - a scroll of magic mapping {unknown}
 A - 3 scrolls of enchant weapon {unknown}
 B - 2 scrolls of fear
 D - a scroll of summoning {unknown}
 E - 3 scrolls of noise {unknown}
 F - 2 scrolls of teleportation {unknown}
 H - 2 scrolls of poison {unknown}
Potions
 b - 2 potions of lignification
 e - 3 potions of ambrosia {unknown}
 f - 6 potions of attraction {unknown}
 h - 2 potions of heal wounds {unknown}
 i - 5 potions of curing
 l - a potion of mutation {unknown}
 p - 2 potions of brilliance
 w - 2 potions of haste {unknown}


   Skills:
 + Level 2.5 Short Blades
 + Level 1.1 Throwing
 * Level 5.5 Dodging
 + Level 3.2 Stealth
 + Level 2.0 Shields
 * Level 10.5 Spellcasting
 * Level 3.8 Conjurations
 * Level 5.6 Necromancy
 + Level 4.2 Translocations
 + Level 2.5 Transmutations
 + Level 3.6 Fire Magic
 * Level 2.4 Air Magic
 * Level 2.7 Poison Magic
 + Level 1.0 Invocations
 + Level 0.4 Evocations


You had 11 spell levels left.
You knew the following spells:

 Your Spells              Type           Power      Damage    Failure   Level
a - Magic Dart            Conj           100%       1d8       1%          1
b - Blink                 Tloc           62%        N/A       1%          2
d - Vampiric Draining     Necr           38%        2d8       2%          3
e - Searing Ray           Conj           60%        2d6       1%          2
k - Airstrike             Air            11%        2d(2-18)  7%          4
n - Ignite Poison         Fire/Tmut/Pois 25%        N/A       1%          3
p - Apportation           Tloc           62%        N/A       1%          1
v - Poisonous Vapours     Pois/Air       48%        N/A       1%          2

Your spell library contained the following spells:

 Spells                   Type           Power      Damage    Failure   Level
 Lesser Beckoning         Tloc           62%        N/A       1%          2
 Gell's Gravitas          Tloc           31%        N/A       3%          3
 Teleport Other           Tloc           31%        N/A       3%          3
 Spider Form              Tmut/Pois      24%        N/A       8%          3
 Cause Fear               Hex            6%         N/A       58%         4
 Summon Mana Viper        Hex/Summ       12%        N/A       91%         5


Dungeon Overview and Level Annotations

Branches:
Dungeon (8/15)             Temple (0/1) D:6
   Lair: D:8-11

Altars:
Dithmenos
Fedhas
Hepliaklqana
Okawaru
Qazlal
Trog
Vehumet
Zin
The Shining One

Shops:
D:2 =   D:4 (

Annotations:
D:2 black bear at faded altar


Message History

There is a stone staircase leading down here.
Casting: Vampiric Draining (dangerous; 2% risk of failure)
Confirm with . or Enter, or press ? or * to list all spells.
Aiming: Poisonous Vapours (safe; 1% risk of failure)
Press: ? - help, Dir - move target, f - steam dragon
Aim: a steam dragon Poisonous vapours surround the steam dragon!
The steam dragon is poisoned.
The steam dragon breathes steam at you. The ball of steam hits you!
Casting: Poisonous Vapours (safe; 1% risk of failure)
Confirm with . or Enter, or press ? or * to list all spells.
Aiming: Poisonous Vapours (safe; 1% risk of failure)
Press: ? - help, Dir - move target, f/p - steam dragon
Aim: a steam dragon (poisoned, catching its breath)
You miscast Poisonous Vapours.
You are very lightly contaminated with residual magic.
Nothing appears to happen.
You are engulfed in a cloud of scalding steam.
* * * LOW HITPOINT WARNING * * *
You block the steam dragon's attack. x2
Casting: Poisonous Vapours (safe; 1% risk of failure)
Confirm with . or Enter, or press ? or * to list all spells.
You blink.
Casting: Blink (safe; 1% risk of failure)
Confirm with . or Enter, or press ? or * to list all spells.
Aiming: Poisonous Vapours (safe; 1% risk of failure)
Press: ? - help, Dir - move target, f/p - steam dragon
Aim: a steam dragon (lightly wounded, poisoned, catching its breath) Poisonous vapours surround the steam dragon!
The steam dragon looks even sicker.
Casting: Poisonous Vapours (safe; 1% risk of failure)
Confirm with . or Enter, or press ? or * to list all spells.
You ignite the poison in your surroundings!
The steam dragon seems to burn from within!
The steam dragon is heavily wounded.
You feel stable enough to blink again. The steam dragon breathes steam at you.
The ball of steam hits the orc.
The ball of steam hits you!!
You die...

#........).....##########
#..............'..).[....
#..............#.(..#####
#.......#####+##....#
#.......# #..##....#
#.......# #.###....#####
######### #.# #.........
########.# #.....####
#..§@....#######.#<..
####§o...........##.##.#
#>)D........[....').....
####.......#.....#####.#
#.....>.#.....#.<....
#.......#.....#.###.#
#.......#.....#.# #.#
#.......#.....#.# #.#
#########.....#.###.#


You could see a steam dragon (catching breath) and an orc.

Vanquished Creatures
  Pikel (D:6)
  Joseph (D:7)
  A wyvern (D:7)
  Menkaure (D:7)
  An ice beast (D:6)
  A sky beast (D:6)
  A black bear (D:6)
  2 ogres
  A centaur (D:7)
  A phantom (D:7)
  Blork the orc (D:6)
  2 kobold brigands
  A gnoll sergeant (D:7)
  A bullfrog (D:7)
  2 scorpions (D:5)
  3 wights (D:7)
  A gnoll bouda (D:4)
  6 hounds
  A jelly (D:6)
  Crazy Yiuf (D:7)
  4 iguanas
  A sleepcap (D:5)
  An orc wizard (D:7)
  16 gnolls
  9 adders
  A shadow imp (D:7)
  5 white imps
  3 ufetubi
  A worm (D:4)
  3 dart slugs
  20 orcs
  6 ball pythons
  4 endoplasms
  8 goblins
  5 hobgoblins
  A quokka (D:1)
  4 bats
  4 frilled lizards
  14 kobolds
  A rat (D:2)
141 creatures vanquished.

Notes
Turn   | Place    | Note
-------+----------+-------------------------------------------
     0 | D:1      | Esekla the Deep Elf Wanderer began the quest for the Orb.
     0 | D:1      | Esekla set off with the following items: a +0 club, a
                  | potion of lignification, a +0 robe, a +0 buckler; and the
                  | following spells available to memorise: Apportation, Blink,
                  | Lesser Beckoning, Magic Dart, Ignite Poison, Vampiric
                  | Draining.
     0 | D:1      | Reached XP level 1. HP: 10/10 MP: 7/7
     2 | D:1      | Learned a level 1 spell: Magic Dart
     4 | D:1      | Learned a level 1 spell: Apportation
   258 | D:2      | Found Renulab's Jewellery Shop.
   435 | D:4      | Found a radiant altar of Vehumet.
   443 | D:4      | Found an iron altar of Okawaru.
   454 | D:4      | Found a glowing silver altar of Zin.
   537 | D:4      | Became a worshipper of Vehumet
   718 | D:3      | Reached skill level 1 in Dodging
   718 | D:3      | Reached XP level 2. HP: 15/15 MP: 7/9
   727 | D:3      | Learned a level 2 spell: Blink
   919 | D:2      | Noticed a black bear
  1207 | D:1      | Reached * piety under Vehumet
  1207 | D:1      | Offered knowledge of Freeze by Vehumet.
  1208 | D:1      | Reached skill level 5 in Spellcasting
  1208 | D:1      | Reached XP level 3. HP: 17/19 MP: 6/11
  1459 | D:1      | Learned a level 3 spell: Ignite Poison
  1463 | D:1      | Learned a level 3 spell: Vampiric Draining
  1630 | D:3      | Identified the +5 rapier of the Hero {heavy, rN+ Dex+3}
  1810 | D:3      | Reached XP level 4. HP: 20/24 MP: 7/13
  1941 | D:3      | Found a stormy altar of Qazlal.
  1955 | D:3      | Reached skill level 1 in Conjurations
  1960 | D:3      | Reached skill level 1 in Necromancy
  1988 | D:3      | Found a bloodstained altar of Trog.
  1991 | D:3      | Found a hazy altar of Hepliaklqana.
  2299 | D:2      | Found a faded altar of an unknown god.
  2346 | D:2      | Reached skill level 1 in Short Blades
  2346 | D:2      | Reached XP level 5. HP: 25/28 MP: 0/15
  2537 | D:5      | Entered Level 5 of the Dungeon
  2540 | D:5      | Got the Parchment of the Lumpy Olives
  2569 | D:5      | Found a shadowy altar of Dithmenos.
  2648 | D:5      | Reached skill level 6 in Spellcasting
  2781 | D:5      | Reached XP level 6. HP: 22/32 MP: 3/17
  3094 | D:5      | Reached skill level 7 in Spellcasting
  3320 | D:4      | Found Ponaysk's Antique Weapon Boutique.
  3466 | D:4      | Found a glowing golden altar of the Shining One.
  3601 | D:4      | Offered knowledge of Searing Ray by Vehumet.
  3605 | D:4      | Learned a level 2 spell: Searing Ray
  3650 | D:4      | Reached ** piety under Vehumet
  3749 | D:4      | Reached XP level 7. HP: 33/36 MP: 19/19
  4327 | D:5      | Reached skill level 8 in Spellcasting
  4459 | D:6      | Found a blossoming altar of Fedhas.
  4547 | D:6      | Offered knowledge of Poisonous Vapours by Vehumet.
  4553 | D:6      | Learned a level 2 spell: Poisonous Vapours
  4577 | D:6      | Found a staircase to the Ecumenical Temple.
  4698 | D:6      | Noticed Blork the orc
  4705 | D:6      | Killed Blork the orc
  4706 | D:6      | Reached XP level 8. HP: 38/41 MP: 22/22
  4929 | D:7      | Found a runed translucent door.
  4930 | D:7      | Noticed Crazy Yiuf
  4936 | D:7      | Killed Crazy Yiuf
  4982 | D:7      | Reached skill level 9 in Spellcasting
  4992 | D:7      | Reached *** piety under Vehumet
  5043 | D:7      | Noticed Menkaure
  5049 | D:7      | Killed Menkaure
  5050 | D:7      | Reached skill level 1 in Transmutations
  5050 | D:7      | Reached skill level 1 in Fire Magic
  5050 | D:7      | Reached skill level 1 in Air Magic
  5050 | D:7      | Reached skill level 1 in Poison Magic
  5439 | D:7      | Reached skill level 1 in Throwing
  5492 | D:7      | Reached skill level 5 in Dodging
  5492 | D:7      | Reached XP level 9. HP: 28/44 MP: 20/24
  5651 | D:6      | Noticed Pikel
  5656 | D:6      | Killed Pikel
  5657 | D:6      | Reached skill level 10 in Spellcasting
  5657 | D:6      | Reached skill level 5 in Necromancy
  5949 | D:7      | Noticed Joseph
  5968 | D:7      | Killed Joseph
  6031 | D:8      | Offered knowledge of Airstrike by Vehumet.
  6059 | D:7      | Learned a level 4 spell: Airstrike
  6175 | D:7      | Killed from afar by a steam dragon

Illustrated notes

Levels and vault maps discovered:
D:1:      sevenhm_arrival_forest_fort_small_3, layout_rooms,
          chequers_serial_rivers_room_b, minmay_misc_feat_five
D:2:      layout_loops_ring, dreamdust_ecumenical_altar_angels_and_demons,
          serial_shops, shop
D:3:      layout_basic, grunt_temple_overflow_open, minmay_misc_feat_iff
D:4:      layout_basic, nicolae_overflow_quartered_altars, serial_shops,
          nicolae_diamond_shop
D:5:      layout_loops_ring, lemuel_doored_altar, minmay_misc_feat_rows,
          dreamdust_wishing_well
D:6:      layout_loops_cross, fedhas_altar_fruit_tree,
          minmay_temple_entry_glass, uniq_pikel, uniq_blork_the_orc
D:7:      layout_basic, uniq_menkaure, uniq_joseph, uniq_crazy_yiuf_cottage
D:8:      layout_basic, nicolae_uskayaw_dance_hall, serial_demonic,
          serial_demonic_d, serial_demonic_a, serial_demonic_c,
          serial_demonic_c, nicolae_diode_quadrants

Skill      XL: |  1  2  3  4  5  6  7  8  9 |
---------------+----------------------------+-----
Dodging        | 1 2 3 4 5 |  5.5
Spellcasting   | 5 6 7 8 9 10 | 10.5
Conjurations   | 1 2 3 |  3.8
Stealth        | 2 3 |  3.2
Necromancy     | 1 2 4 5 |  5.6
Short Blades   | 1 2 |  2.5
Translocations | 3 4 |  4.2
Transmutations | 1 2 |  2.5
Fire Magic     | 3 |  3.6
Air Magic      | 1 2 |  2.4
Poison Magic   | 1 2 |  2.7
Throwing       | 1 |  1.1
Shields        | 2 |  2.0
Invocations    | |  1.0
Evocations     | |  0.4

Action                     |  1- 3 |  4- 6 |  7- 9 || total
---------------------------+-------+-------+-------++-------
  Melee: Short sword       |    61 |       |       ||    61
         Rapier            |     7 |    67 |    62 ||   136
         Dagger            |       |       |    25 ||    25
  Throw: Dart              |       |    19 |     5 ||    24
   Cast: Apportation       |    26 |    29 |    11 ||    66
         Magic Dart        |    54 |    38 |    32 ||   124
         Vampiric Draining |       |    10 |    31 ||    41
         Ignite Poison     |       |     1 |    10 ||    11
         Blink             |       |     2 |     5 ||     7
         Searing Ray       |       |       |    14 ||    14
         Poisonous Vapours |       |       |    28 ||    28
  Evoke: Wand              |       |       |     5 ||     5
    Use: Scroll            |     1 |       |       ||     1
         Potion            |       |     1 |     1 ||     2
   Stab: Sleeping          |     2 |     3 |     4 ||     9
 Armour: Robe              |    21 |    18 |    36 ||    75
  Dodge: Dodged            |    46 |    52 |   106 ||   204
  Block: Buckler           |    13 |    21 |    33 ||    67
